 Dungeon Crawl Stone Soup version 0.29.0-11-gd7f09526c8 (webtiles) character file.

Game seed: 4271075510352835946

2252 blackman the Carver (level 9, -1/65 HPs)
             Began as a Human Monk on Sept 5, 2022.
             Was a Priest of the Shining One.
             Splashed by a jelly's acid (9 damage)
             ... on level 7 of the Dungeon.
             The game lasted 00:21:13 (9553 turns).

blackman the Carver (Human Monk)                    Turns: 9553, Time: 00:21:13

Health: -1/65      AC:  6    Str: 16    XL:     9   Next: 64%
Magic:  13/13      EV:  7    Int: 11    God:    the Shining One [***...]
Gold:   276        SH:  4    Dex: 21    Spells: 8/8 levels left

rFire   . . .      SeeInvis .   a - +1 falchion
rCold   . . .      Faith    .   C - +0 buckler
rNeg    + . .      Spirit   .   b - +0 chain mail
rPois   .          Reflect  .   e - +0 hat {Will+}
rElec   .          Harm     .   B - +0 cloak
rCorr   .          Rampage  .   (no gloves)
Will    +....                   z - +0 pair of boots
Stlth   ..........              (no amulet)
HPRegen 0.20/turn               D - +6 ring of dexterity
MPRegen 0.13/turn               (no ring)

@: corroded, glowing
A: no striking features
a: Renounce Religion, Divine Shield, Cleansing Flame


You were on level 7 of the Dungeon.
You worshipped the Shining One.
The Shining One was most pleased with you.
You visited 1 branch of the dungeon, and saw 7 of its levels.
You also visited: Sewer.

You collected 276 gold pieces.

Inventory:

Hand Weapons
 a - a +1 falchion (weapon)
 H - a +1 dagger of venom
Armour
 b - a +0 chain mail (worn)
 e - a +0 hat of willpower (worn)
 u - an orb of light
 z - a +0 pair of boots (worn)
 B - a +0 cloak (worn)
 C - a +0 buckler (worn)
Jewellery
 D - a +6 ring of dexterity (left hand)
 F - a ring of flight
Wands
 k - a wand of flame (1)
Scrolls
 i - 3 scrolls of teleportation
 j - 2 scrolls of enchant weapon
 m - 2 scrolls of poison {unknown}
 n - 3 scrolls of fog {unknown}
 o - 2 scrolls of blinking {unknown}
 q - 2 scrolls of immolation
 r - 2 scrolls of noise {unknown}
 s - 6 scrolls of identify
 t - a scroll of magic mapping {unknown}
 w - a scroll of amnesia {unknown}
 y - a scroll of fear {unknown}
 A - a scroll of vulnerability {unknown}
 E - a scroll of enchant armour {unknown}
Potions
 c - 2 potions of ambrosia
 d - 2 potions of might
 f - 5 potions of curing
 g - 2 potions of heal wounds
 h - a potion of magic {unknown}
 l - a potion of degeneration {unknown}
 p - 3 potions of resistance {unknown}
 v - 3 potions of flight
 x - a potion of mutation {unknown}
 G - a potion of brilliance {unknown}


   Skills:
 * Level 4.3 Fighting
 - Level 10.9 Long Blades
 - Level 3.0 Dodging
 - Level 2.0 Stealth
 - Level 5.8 Invocations


You had 8 spell levels left.
You didn't know any spells.
Your spell library contained the following spells:

 Spells                   Type           Power      Damage    Failure   Level
 Dazzling Flash           Conj/Hex       0%         N/A       100%        3
 Ozocubu's Armour         Ice            0%         N/A       100%        3
 Iskenderun's Mystic Bla  Conj/Tloc      0%         2d3       100%        4
 Starburst                Conj/Fire      0%         6d3       100%        6
 Ozocubu's Refrigeration  Ice            0%         4d7       100%        7


Dungeon Overview and Level Annotations

Branches:
Dungeon (7/15)              Sewer (visited)
 Temple: D:4-7

Altars:
Ashenzari
Kikubaaqudgha
Vehumet
The Shining One

Shops:
D:1 ?   D:5 ?   D:6 (


Message History

The steam dragon is almost dead.
The steam dragon closely misses you. You block the steam dragon's attack.
You hit the steam dragon but do no damage.
The steam dragon is almost dead.
The steam dragon breathes steam at you. The ball of steam hits you.
You slash the steam dragon!
You kill the steam dragon!
The steam dragon scales are intact enough to wear.
You are engulfed in a cloud of scalding steam.
The electric eel shoots out a bolt of lightning at you!
The bolt of electricity hits you!
The electric eel shoots out a bolt of lightning at you!
The bolt of electricity hits the electric eel.
The electric eel completely resists.
The bolt of electricity hits you.
A shadow imp comes into view.
Your Fighting skill increases to level 4!
You are engulfed in a cloud of scalding steam.
* * * LOW HITPOINT WARNING * * *
The electric eel shoots out a bolt of lightning at you!
The bolt of electricity hits you!
* * * LOW HITPOINT WARNING * * *
You feel much better.
You hit the jelly.
Your hands burn!
The jelly is moderately wounded.
The jelly hits you but does no damage.
You slash the jelly!
Your hands burn!
* * * LOW HITPOINT WARNING * * *
The jelly is almost dead.
You hit the jelly. The acid corrodes you!
Your hands burn!
* * * LOW HITPOINT WARNING * * *
The jelly is almost dead.
The jelly hits you but does no damage.
You hit the jelly but do no damage.
Your hands burn!
* * * LOW HITPOINT WARNING * * *
The jelly is almost dead.
The jelly hits you.
* * * LOW HITPOINT WARNING * * *
You are splashed with acid!
You die...

## .## ###..## #.....#
##### ##....# #
##...##### ##.....##...
##........###....[5...5.
#....####.##..@###S..~##
##..## #.#...#J..#S≈#..
♣....♣ ##....#.⌠.# ≈#
♣...♣♣ #....#...# #
♣♣.♣♣ ##....###~≈S≈#
♣.♣♣ ##.......S~≈≈≈≈
♣♣.♣ #........~≈≈≈≈~
♣.♣♣ #......###~J≈≈ ♣♣.♣
#.....#...#≈≈#


You could see a jelly and a shadow imp.

Vanquished Creatures
  A troll (D:6)
  A steam dragon (D:7)
  4 ogres
  An ice beast (D:6)
  A black bear (D:6)
  2 sky beasts
  A centaur (D:4)
  3 kobold brigands
  A bullfrog (D:6)
  3 scorpions
  A howler monkey (D:5)
  A gnoll bouda (D:6)
  2 orc priests (D:4)
  2 jellies (D:5)
  Crazy Yiuf (D:7)
  A hound (D:5)
  3 iguanas
  3 orc wizards
  8 gnolls (D:6)
  12 adders
  A shadow imp (D:5)
  2 white imps
  An ufetubus (D:5)
  A dart slug (D:3)
  11 orcs
  5 bats
  4 endoplasms
  2 giant cockroaches
  6 goblins
  A hobgoblin (D:2)
  A jackal (Sewer)
  7 quokkas
  7 ball pythons
  4 frilled lizards
  15 kobolds
  11 rats
131 creatures vanquished.

Notes
Turn   | Place    | Note
-------+----------+-------------------------------------------
     0 | D:1      | blackman the Human Monk began the quest for the Orb.
     0 | D:1      | Reached XP level 1. HP: 18/18 MP: 1/1
   186 | D:1      | Reached XP level 2. HP: 24/24 MP: 2/2
   462 | D:1      | Found Rineotye's Magic Scroll Boutique.
   622 | D:2      | Reached skill level 4 in Long Blades
   622 | D:2      | Reached XP level 3. HP: 24/29 MP: 3/3
   981 | D:2      | Reached XP level 4. HP: 35/35 MP: 4/4
  1533 | D:2      | Reached skill level 5 in Long Blades
  1580 | D:2      | Found a radiant altar of Vehumet.
  1617 | D:2      | You fall into a shaft and drop 2 floors!
  1622 | D:3      | Found a faded altar of an unknown god.
  1642 | D:3      | Prayed at the altar of an unknown god.
  1642 | D:3      | Became a worshipper of the Shining One
  1642 | D:3      | Reached * piety under the Shining One
  1642 | D:3      | Reached ** piety under the Shining One
  1742 | D:3      | Found an ancient bone altar of Kikubaaqudgha.
  2088 | D:3      | Found a broken altar of Ashenzari.
  2132 | D:3      | Reached XP level 5. HP: 40/41 MP: 5/5
  2149 | D:3      | Found a glowing drain.
  2158 | Sewer    | Entered a sewer
  2228 | Sewer    | Noticed a kobold brigand
  2228 | Sewer    | Noticed a kobold brigand
  2228 | Sewer    | Reached *** piety under the Shining One
  2239 | Sewer    | Killed a kobold brigand
  2240 | Sewer    | Reached skill level 6 in Long Blades
  2243 | Sewer    | Killed a kobold brigand
  2244 | Sewer    | Reached XP level 6. HP: 15/47 MP: 6/6
  2479 | Sewer    | Found a white marble altar of Elyvilon.
  2902 | D:4      | Reached skill level 7 in Long Blades
  3282 | D:4      | Reached XP level 7. HP: 16/52 MP: 7/7
  3864 | D:4      | Reached skill level 8 in Long Blades
  4089 | D:5      | Entered Level 5 of the Dungeon
  4299 | D:5      | Found Fohun's Magic Scroll Shop.
  4868 | D:5      | Reached skill level 9 in Long Blades
  4868 | D:5      | Reached XP level 8. HP: 41/58 MP: 8/8
  6251 | D:6      | Reached skill level 10 in Long Blades
  6490 | D:6      | Noticed a troll
  6714 | D:6      | Reached XP level 9. HP: 50/63 MP: 9/9
  6904 | D:5      | Reached skill level 1 in Invocations
  7195 | D:6      | Found Xyteaceph's Weapon Emporium.
  7957 | D:6      | Killed a troll
  7958 | D:6      | Reached skill level 5 in Invocations
  9038 | D:7      | Noticed Crazy Yiuf
  9038 | D:7      | Found a runed translucent door.
  9049 | D:7      | Killed Crazy Yiuf
  9547 | D:7      | HP: 3/65 [electric eel/bolt of electricity (12)]
  9553 | D:7      | Splashed by a jelly's acid

Illustrated notes

Levels and vault maps discovered:
D:1:      lemuel_arrival_broad_hall, layout_basic, serial_shops,
          nicolae_shop_hallway_plus, kennysheep_flooded_box,
          hangedman_decor_diamond_cutter, nicolae_titane
D:2:      minmay_evil_eye, layout_rooms, basic_altar,
          kennysheep_decorative_pillar
D:3:      layout_basic, evilmike_ruin_ashenzari, mainiacjoe_overflow_alcove_2,
          hellmonk_ecumenical_altar_blasted, portal_sewer_entry_b
D:4:      layout_rooms
D:5:      layout_cave_pods, serial_shops, nicolae_shop_behind_doors, minivault_5
D:6:      layout_basic, serial_shops, shop, hangedman_decor_points,
          nicolae_elevator_lobby_plus
D:7:      layout_cave_pools, minmay_temple_entry_hall, kennysheep_another_room,
          minmay_hedge_maze, minmay_misc_feat_rugged, fountainhead,
          nicolae_shop_dragon_depot, minmay_quadrilaterals,
          uniq_crazy_yiuf_cottage

Skill      XL: |  1  2  3  4  5  6  7  8  9 |
---------------+----------------------------+-----
Long Blades    | 4 5 6 7 9 10 | 10.9
Invocations    | 5 |  5.8
Fighting       | 4 |  4.3
Dodging        | |  3.0
Stealth        | |  2.0

Action                   |  1- 3 |  4- 6 |  7- 9 || total
-------------------------+-------+-------+-------++-------
Melee: Falchion          |    57 |   129 |   227 ||   413
       Punch             |       |     2 |       ||     2
       Dagger            |       |       |    28 ||    28
Throw: Dart              |       |       |    51 ||    51
Invok: Divine Shield     |       |       |     1 ||     1
  Use: Potion            |       |     3 |     3 ||     6
       Scroll            |       |     1 |     4 ||     5
 Stab: Sleeping          |    10 |       |       ||    10
Armor: Robe              |     9 |    29 |     8 ||    46
       Ring mail         |       |       |    31 ||    31
       Chain mail        |       |       |    27 ||    27
Dodge: Dodged            |    37 |   125 |   120 ||   282
Block: Buckler           |       |       |    48 ||    48
